 Dungeon Crawl Stone Soup version 0.22-a0-515-g75794bf (webtiles) character file.

5058 Mamutox the Grappler (level 10, -7/138 HPs)
             Began as a Troll Hunter on June 18, 2018.
             Was a Priest of Trog.
             Mangled by a death yak (11 damage)
             ... on level 8 of the Dungeon on June 19, 2018.
             The game lasted 00:38:43 (9509 turns).

Mamutox the Grappler (Troll Hunter)                 Turns: 9509, Time: 00:38:43

Health: -7/138     AC:  6    Str: 27    XL:     10   Next: 31%
Magic:  12/12      EV: 13    Int:  7    God:    Trog [***...]
Gold:   234        SH:  0    Dex: 18    Spells: 9/9 levels left

rFire    . . .     SeeInvis .     - Unarmed
rCold    . . .     Gourm    +   (no shield)
rNeg     . . .     Faith    .   b - +0 robe
rPois    .         Spirit   .   (helmet restricted)
rElec    .         Reflect  .   l - +0 cloak
rCorr    .         Harm     .   (gloves unavailable)
MR       .....                  (boots unavailable)
Stlth    ..........             (no amulet)
HPRegen  0.73/turn              (no ring)
MPRegen  0.13/turn              D - +5 ring of dexterity

@: berserking, very quick
A: large, unfitting armour, claws 3, fast metabolism 3, gourmand, regeneration
1, shaggy fur 1, tough skin 2
a: Berserk, Trog's Hand, Renounce Religion


You were on level 8 of the Dungeon.
You worshipped Trog.
Trog was most pleased with you.
You were full.

You visited 2 branches of the dungeon, and saw 10 of its levels.

You collected 420 gold pieces.
You spent 186 gold pieces at shops.

Inventory:

Missiles
 c - 5 large rocks (quivered)
 d - 2 throwing nets
 k - 7 poisoned needles
 p - 2 needles of confusion
 t - 8 tomahawks
 F - 5 curare-tipped needles
Armour
 b - a +0 robe (worn)
 l - a +0 cloak (worn)
Jewellery
 e - an uncursed ring of ice
 m - a +4 ring of protection
 D - a +5 ring of dexterity (right claw)
Wands
 r - a wand of random effects (26)
 A - a wand of clouds (6)
Scrolls
 a - a scroll of amnesia {unknown}
 g - a scroll of immolation {unknown}
 i - a scroll of identify
 j - 4 scrolls of teleportation
 q - 3 scrolls of remove curse
 s - a scroll of enchant weapon {unknown}
 v - 4 scrolls of fear
 w - 3 scrolls of enchant armour {unknown}
 y - a scroll of summoning {unknown}
 C - 2 scrolls of blinking
Potions
 h - a potion of haste {unknown}
 n - a potion of mutation {unknown}
 o - 3 potions of heal wounds {unknown}
 u - 2 potions of curing
 x - 2 potions of lignification {unknown}
 z - 2 potions of brilliance {unknown}
 B - 2 potions of ambrosia {unknown}
 E - a potion of berserk rage {unknown}
Comestibles
 f - 15 rations


   Skills:
 + Level 3.8 Fighting
 + Level 6.8 Throwing
 + Level 5.6 Dodging
 - Level 0.7 Stealth
 + Level 9.8 Unarmed Combat
 + Level 4.3 Evocations


You had 9 spell levels left.
You didn't know any spells.
Your spell library contained the following spells:

 Spells                   Type           Power        Failure   Level  Hunger
 Bolt of Draining         Conj/Necr      #.........   100%        5    ######.
 Dispel Undead            Necr           #.......     100%        5    ######.
 Sublimation of Blood     Necr           #.........   56%         2    ###....
 Corpse Rot               Necr           N/A          56%         2    ###....
 Agony                    Necr           #.......     100%        5    ######.
 Excruciating Wounds      Chrm/Necr      #.........   100%        5    ######.


Dungeon Overview and Level Annotations

Branches:
Dungeon (9/15)             Temple (1/1) D:4            Lair (0/6) D:9
    Orc: D:9-12

Altars:
Ashenzari
Cheibriados
Dithmenos
Elyvilon
Fedhas
Gozag
Hepliaklqana
Kikubaaqudgha
Makhleb
Nemelex Xobeh
Okawaru
Qazlal
Ru
Sif Muna
Trog
Uskayaw
Vehumet
Wu Jian
Xom
Yredelemnul
Zin
The Shining One

Shops:
D:6 *   D:8 ?

Annotations:
D:2 Sigmund
D:7 1 exclusion


Innate Abilities, Weirdness & Mutations

You are too large for most types of armour.
You have claws for hands.
Your metabolism is lightning-fast.
You like to eat raw meat.
Your natural rate of healing is unusually fast.
You are covered in fur. (AC +1)
You have very tough skin. (AC +2)


Message History

There is a stone staircase leading down, spattered with blood here.
You climb downwards.
The adder closely misses you. The death yak closely misses you.
The death yak misses you. The death yak gores you.
The adder bites you but does no damage.
There is a stone staircase leading up, spattered with blood here.
The death yak gores you!! The adder closely misses you.
The death yak gores you. The death yak completely misses you.
You climb upwards.
There is a stone staircase leading down, spattered with blood here.
You closely miss the adder. Your claw misses the adder. The adder misses you.
The death yak gores you!!
You miss the adder. The death yak gores you!!
* * * LOW HITPOINT WARNING * * *
The adder bites you but does no damage.
A red film seems to cover your vision as you go berserk!
You feel yourself moving faster!
You feel mighty! The death yak gores you!!
* * * LOW HITPOINT WARNING * * *
The death yak misses you. The adder closely misses you.
You miss the adder. The death yak gores you!
You die...

#.......######## #......#
##......# ###.####
#.###### #.# # #.# #.#
###.########### #.#
.....).#......# #.#
.##.##.#.####.# #######.#
.##.........#.###YY.....#
.#####.#.##....S@Y#######
((####.#.####.#####
(......#.####.#
#)######......# #)##
######## )).## ....##
.....# .....#


You could see 3 death yaks and an adder.

Vanquished Creatures
  A death yak (D:8)
  A troll (D:9)
  2 hippogriffs
  4 yaks (D:9)
  3 sky beasts
  2 black bears
  3 orc warriors (D:8)
  An ice beast (D:9)
  3 ogres
  2 phantoms
  2 centaurs
  2 big kobolds
  4 bullfrogs
  2 wyvern skeletons (D:9)
  3 scorpions
  2 howler monkeys
  3 crimson imps
  A quasit (D:9)
  A bullfrog zombie (D:5)
  3 hounds
  A bullfrog skeleton (D:9)
  7 orc priests (D:8)
  7 orc wizards
  2 iguanas (D:7)
  4 worker ants
  A hound skeleton (D:8)
  A worker ant zombie (D:5)
  4 gnolls (D:4)
  9 adders
  3 shadow imps
  3 oozes
  2 adder zombies
  A worm (D:2)
  2 dart slugs
  A leopard gecko (D:3)
  23 orcs
  8 giant cockroaches
  9 goblins
  9 hobgoblins
  9 jackals
  7 quokkas
  3 ball pythons
  9 bats
  8 frilled lizards
  16 kobolds
  A leopard gecko skeleton (D:7)
  3 quokka skeletons
  9 rats
  2 plants (D:2)
209 creatures vanquished.

Notes
Turn   | Place    | Note
-------+----------+-------------------------------------------
     0 | D:1      | Mamutox the Troll Hunter began the quest for the Orb.
     0 | D:1      | Reached XP level 1. HP: 19/19 MP: 0/0
     0 | D:1      | Noticed an ice dragon
     0 | D:1      | Noticed a tentacled monstrosity
     1 | D:1      | Noticed a tentacled monstrosity
     1 | D:1      | Noticed an iron dragon
     4 | D:1      | Noticed a purple draconian
     8 | D:1      | Noticed an orb of fire
    10 | D:1      | Noticed an iron dragon
    10 | D:1      | Noticed a large abomination
    12 | D:1      | Noticed an iron dragon
    13 | D:1      | Noticed a tentacled monstrosity
    14 | D:1      | Noticed an iron dragon
    14 | D:1      | Noticed a large abomination
    16 | D:1      | Noticed a tentacled monstrosity
    16 | D:1      | Noticed a tentacled monstrosity
    16 | D:1      | Noticed a shadow dragon
    18 | D:1      | Noticed an ice dragon
    20 | D:1      | Noticed an ice dragon
   251 | D:1      | Reached XP level 2. HP: 27/27 MP: 1/1
   387 | D:1      | Reached skill level 1 in Unarmed Combat
   575 | D:1      | Reached XP level 3. HP: 33/33 MP: 2/2
   852 | D:2      | Noticed a sky beast
   890 | D:2      | Killed a sky beast
   890 | D:2      | Reached skill level 3 in Unarmed Combat
   890 | D:2      | Reached XP level 4. HP: 12/42 MP: 3/3
   890 | D:2      | Reached XP level 5. HP: 14/49 MP: 4/4
  1018 | D:2      | Found a deep blue altar of Sif Muna.
  1116 | D:2      | Noticed a moth of wrath
  1119 | D:2      | Found a bloodstained altar of Trog.
  1331 | D:2      | Found a glowing silver altar of Zin.
  1853 | D:3      | Noticed Sigmund
  2225 | D:3      | Found a sacrificial altar of Ru.
  2425 | D:3      | Upgraded the game from 0.22-a0-512-g0943f25 to 0.22-a0-515-g75794bf
  2681 | D:3      | Found a basalt altar of Yredelemnul.
  3277 | D:4      | Reached skill level 4 in Unarmed Combat
  3345 | D:4      | Noticed a sky beast
  3353 | D:4      | Killed a sky beast
  3353 | D:4      | Reached XP level 6. HP: 57/57 MP: 5/5
  3723 | D:4      | Found a staircase to the Ecumenical Temple.
  3751 | Temple   | Entered the Ecumenical Temple
  4025 | D:2      | Became a worshipper of Trog the Wrathful
  4201 | D:4      | Found a deep blue altar of Sif Muna.
  4393 | D:5      | Entered Level 5 of the Dungeon
  4407 | D:5      | Reached skill level 5 in Unarmed Combat
  4516 | D:5      | Reached skill level 1 in Evocations
  4516 | D:5      | Reached XP level 7. HP: 39/65 MP: 6/6
  4641 | D:5      | Reached skill level 6 in Unarmed Combat
  4653 | D:5      | Noticed a hippogriff
  4971 | D:5      | Killed a hippogriff
  4971 | D:5      | Reached XP level 8. HP: 64/72 MP: 8/8
  5036 | D:5      | Found a sparkling altar of Nemelex Xobeh.
  5245 | D:6      | Reached * piety under Trog
  5245 | D:6      | Reached skill level 5 in Throwing
  5306 | D:6      | Found Eple's Assorted Antiques.
  5558 | D:6      | Reached skill level 7 in Unarmed Combat
  6128 | D:6      | Found a snail-covered altar of Cheibriados.
  6303 | D:7      | Found an ornate altar of the Wu Jian Council.
  6576 | D:7      | Reached XP level 9. HP: 80/80 MP: 10/10
  6969 | D:7      | Reached skill level 8 in Unarmed Combat
  7672 | D:8      | Found Dyfanulo's Magic Scroll Shoppe.
  7676 | D:8      | Bought 2 scrolls of fear for 84 gold pieces
  7676 | D:8      | Bought a scroll of blinking for 90 gold pieces
  7676 | D:8      | Bought a scroll of random uselessness for 12 gold pieces
  7795 | D:8      | Reached ** piety under Trog
  8402 | D:8      | Reached skill level 9 in Unarmed Combat
  8509 | D:8      | Found a blossoming altar of Fedhas.
  8761 | D:9      | Reached *** piety under Trog
  8813 | D:9      | Reached skill level 5 in Dodging
  8952 | D:9      | Noticed a death yak
  8952 | D:9      | Noticed a death yak
  8953 | D:9      | Found a staircase to the Lair.
  8956 | D:9      | Noticed a death yak
  8960 | D:9      | Noticed a death yak
  8963 | D:9      | Noticed a death yak
  9130 | D:9      | Noticed a troll
  9132 | D:9      | Killed a troll
  9209 | D:9      | Reached XP level 10. HP: 47/91 MP: 10/12
  9459 | D:8      | Killed a death yak
  9508 | D:8      | HP: 3/138 [death yak (24)]
  9509 | D:8      | Mangled by a death yak

Vault maps used:
D:1:      shiori_arrival_whats_in_store_for_you
D:2:      wad_woods_stonehenge, tgw_trog, lemuel_crystal_altar, serial_curves,
          eino_curves_02, eino_curves_02
D:3:      lemuel_doored_altar, first_ration, minmay_misc_feat_rows,
          nicolae_ru_great_annihilating_truth, uniq_sigmund
D:4:      led_sif_pool, temple_statues
D:5:      wad_pebble_path, nemelex_xobeh_ov_fountains_minmay
D:6:      kennysheep_mini_moat, serial_shops, shop, kennysheep_cross_room,
          lemuel_flamethrower_1
D:7:      nicolae_overflow_crystal_walls, grunt_ministairs_10
D:8:      lemuel_coloured_pillars_altar, serial_shops, shop
D:9:      overflow_temple_1_default, dpeg_lair_monsters, special_room,
          hangedman_pestilent_swarm
Temple:   cyrus_circular_temple

Skill      XL: |  1  2  3  4  5  6  7  8  9 |
---------------+----------------------------+-----
Throwing       | 4 5 6 |  6.8
Unarmed Combat | 1 3 4 5 6 7 9 |  9.8
Dodging        | 2 3 4 5 |  5.6
Fighting       | 2 3 |  3.8
Evocations     | 1 2 4 |  4.3
Stealth        | |  0.7

Action                   |  1- 3 |  4- 6 |  7- 9 | 10-12 || total
-------------------------+-------+-------+-------+-------++-------
Melee: Unarmed           |    95 |   239 |   373 |    19 ||   726
       Punch             |       |     4 |    11 |     4 ||    19
Throw: Large rock        |       |       |     4 |       ||     4
Invok: Berserk           |       |       |       |     2 ||     2
  Use: Potion            |       |       |     1 |       ||     1
       Scroll            |       |       |     4 |     1 ||     5
 Stab: Sleeping          |     2 |     1 |     3 |       ||     6
       Paralysed         |       |     2 |       |       ||     2
       Distracted        |       |       |     1 |       ||     1
  Eat: Chunk             |    13 |    34 |    42 |     2 ||    91
Armor: Robe              |    31 |   150 |   134 |     3 ||   318
Dodge: Dodged            |    45 |   146 |   176 |    15 ||   382

Table legend:
 A = Spawn XP
 B = Non-spawn XP
 C = Spawn XP percentage of total XP
 D = Spawn monster count
 E = Non-spawn monster count
 F = Spawn count percentage of total count
 G = Total turns spent on level
                    A         B        C        D         E        F      G
               +---------+---------+-------+---------+---------+-------+---------
         Total |       0 |    7227 |   0.0 |       0 |     207 |   0.0 |  9509
               +---------+---------+-------+---------+---------+-------+---------
           D:1 |       0 |      45 |   0.0 |       0 |      27 |   0.0 |   707
           D:2 |       0 |     216 |   0.0 |       0 |      30 |   0.0 |  1339
           D:3 |       0 |      34 |   0.0 |       0 |      20 |   0.0 |  1357
           D:4 |       0 |     218 |   0.0 |       0 |      12 |   0.0 |   829
           D:5 |       0 |    1022 |   0.0 |       0 |      22 |   0.0 |   790
           D:6 |       0 |     443 |   0.0 |       0 |       7 |   0.0 |  1045
           D:7 |       0 |     938 |   0.0 |       0 |      24 |   0.0 |  1220
           D:8 |       0 |    2171 |   0.0 |       0 |      44 |   0.0 |  1440
           D:9 |       0 |    2140 |   0.0 |       0 |      21 |   0.0 |   621
               +---------+---------+-------+---------+---------+-------+---------
